 Dungeon Crawl Stone Soup version 0.31-a0-672-g7da72447bb (webtiles) character file.

Game seed: 11193024865392395938

30248 garrulousMonolith the Basher (level 13, -3/84 HPs)
             Began as a Gargoyle Fighter on Sept 4, 2023.
             Was an Elder of the Shining One.
             Slain by a death yak (18 damage)
             ... on level 3 of the Lair of Beasts.
             The game lasted 00:17:56 (16852 turns).

garrulousMonolith the Basher (Gargoyle Fighter)    Turns: 16852, Time: 00:17:57

Health: -3/84      AC: 27    Str: 22    XL:     13   Next: 50%
Magic:  6/20       EV:  5    Int: 10    God:    the Shining One [****..]
Gold:   774        SH: 15    Dex: 11    Spells: 12/12 levels left

rFire   . . .        k - +1 whip (elec)
rCold   + . .        o - +0 tower shield
rNeg    + + +        u - +0 plate armour
rPois   ∞            G - +0 helmet
rElec   +            s - +0 cloak
rCorr   .            (no gloves)
SInv    .            (no boots)
Will    .....        D - amulet of faith Stlth
                     e - ring of protection from cold
HPRegen 0.34/turn    y - +4 ring of slaying
MPRegen 0.17/turn

%: faith
@: glowing
A: sickness immunity, AC +9, negative energy resistance 1, electricity
resistance, torment resistance 1, petrification resistance
a: Renounce Religion, Divine Shield, Cleansing Flame


You were on level 3 of the Lair of Beasts.
You worshipped the Shining One.
The Shining One was greatly pleased with you.
You visited 3 branches of the dungeon, and saw 15 of its levels.
You also visited: Sewer.

You collected 1020 gold pieces.
You spent 246 gold pieces at shops.

Inventory:

Hand Weapons
 a - a +0 flail
 k - a +1 whip of electrocution (weapon)
 w - a +1 flail of protection
 B - a +2 hand axe of flaming
Missiles
 h - 4 throwing nets
 n - 8 curare-tipped darts (quivered)
 E - 21 poisoned darts
Armour
 c - a +0 buckler
 d - a +0 kite shield
 o - a +0 tower shield (worn)
 s - a +0 cloak (worn)
 u - a +0 plate armour (worn)
 G - a +0 helmet (worn)
Jewellery
 e - a ring of protection from cold (left hand)
 y - a +4 ring of slaying (right hand)
 D - an amulet of faith (around neck)
 K - a ring of flight
Wands
 q - a wand of polymorph (19)
 r - a wand of flame (23)
 t - a wand of paralysis (13)
 C - a wand of digging (3)
 H - a wand of roots (3)
Scrolls
 b - 3 scrolls of identify
 g - 2 scrolls of revelation
 j - a scroll of noise
 m - 4 scrolls of teleportation
 x - a scroll of blinking
 F - 2 scrolls of vulnerability
 I - a scroll of enchant weapon
 J - a scroll of enchant armour
 L - 2 scrolls of poison
Potions
 f - 2 potions of enlightenment
 i - 2 potions of mutation
 l - 4 potions of cancellation
 p - a potion of resistance
 v - 3 potions of brilliance
 A - 2 potions of curing
 M - a potion of haste
 N - a potion of might
Miscellaneous
 z - a sack of spiders


   Skills:
 + Level 10.9 Fighting
 * Level 13.5 Maces & Flails
 + Level 10.8 Armour
 + Level 10.6 Shields
 + Level 10.0 Invocations


You had 12 spell levels left.
You didn't know any spells.
Your spell library contained the following spells:

 Spells                   Type           Power      Damage    Failure   Level
 Foxfire                  Conj/Fire      0%         2x1d4     100%        1
 Magic Dart               Conj           0%         1d3       100%        1
 Slow                     Hex            0%         N/A       100%        1
 Sting                    Tmut/Pois      0%         1d3       100%        1
 Call Imp                 Summ           0%         N/A       100%        2
 Poisonous Vapours        Pois/Air       0%         N/A       100%        2
 Confusing Touch          Hex            0%         N/A       100%        3
 Mephitic Cloud           Conj/Pois/Air  0%         N/A       100%        3
 Portal Projectile        Hex/Tloc       0%         N/A       100%        3
 Tukima's Dance           Hex            0%         N/A       100%        3
 Vampiric Draining        Necr           0%         2d6       100%        3
 Iskenderun's Mystic Bla  Conj/Tloc      0%         2d3       100%        4
 Olgreb's Toxic Radiance  Pois           0%         N/A       100%        4
 Plasma Beam              Fire/Air       0%         2x1d10    100%        6
 Starburst                Conj/Fire      0%         6d3       100%        6


Dungeon Overview and Level Annotations

Branches:
Dungeon (11/15)            Temple (1/1) D:5            Lair (3/5) D:10
 Spider (0/4) Lair:2          Orc (0/2) D:9           Sewer (visited)
  Swamp: Lair:2-3    Shoals: Lair:2-3

Altars:
Ashenzari
Cheibriados
Dithmenos
Elyvilon
Fedhas
Gozag
Hepliaklqana
Kikubaaqudgha
Makhleb
Nemelex Xobeh
Okawaru
Qazlal
Ru
Sif Muna
Trog
Uskayaw
Vehumet
Wu Jian
Xom
Yredelemnul
Zin
The Shining One

Shops:
D:5 !:([   D:6 *   D:7 *   D:11 [


Innate Abilities, Weirdness & Mutations

You are immune to sickness and miasma.
Your stone body is resilient. (AC +9)
You are immune to poison.
You resist negative energy. (rN+)
You are resistant to electric shocks. (rElec)
You are resistant to unholy torment.
You are immune to petrification.


Message History

The golden flame engulfs the death yak!!!
The death yak is severely wounded.
The golden flame engulfs the death yak!
The death yak is moderately wounded.
You block the death yak's attack. x2
Activating: Cleansing Flame (9% risk of failure)
Press: ? - help, Dir - look around, f - activate The golden flame engulfs you but does no damage.
You resist.
The golden flame engulfs the death yak!!
The death yak is almost dead.
The golden flame engulfs the death yak!!
The death yak is almost dead.
The golden flame engulfs the death yak!!
The death yak is severely wounded.
The golden flame engulfs the death yak!!
The death yak is almost dead.
You block the death yak's attack. x2
You hit the death yak.
The death yak is almost dead.
You block the death yak's attack. x2
You whack the death yak!
Lightning courses through the death yak!
You kill the death yak!
Your Invocations skill increases to level 10!
You hit the death yak.
You kill the death yak!
The death yak gores you!
You hit the death yak but do no damage.
The death yak is severely wounded.
The death yak gores you but does no damage.
You block the death yak's attack.
You whack the death yak!
The death yak is severely wounded.
You completely miss the death yak.
The death yak is severely wounded.
The death yak gores you!
* * * LOW HITPOINT WARNING * * *
The death yak gores you!!
You die...

....# #.# #.# #P
#...##..##..P#######.
#.............##..#.. #
#...................
#.#....)..............
...#.YY.................
.......P.Y...............
....Y.###Y...............
...Y.. #@Y............##.
.Y..P ###.#.........##.#
..YY# #.###P.#.#.######
...# ### ######## ..#


You could see 3 death yaks.

Vanquished Creatures
  Harold (D:8)
  A boulder beetle (D:11)
  4 two-headed ogres
  6 death yaks
  A deep elf pyromancer (D:9)
  A cyclops (D:11)
  A manticore (D:7)
  2 black mambas
  Jeremiah (D:9)
  5 elephants (Lair:3)
  7 cane toads
  An unseen horror (D:11)
  Psyche (D:9)
  2 kobold demonologists (D:11)
  A rime drake (Lair:1)
  3 komodo dragons
  A troll (D:10)
  A polar bear (Lair:2)
  2 hornets (D:9)
  9 blink frogs
  4 dream sheep (Lair:3)
  A shadow (D:11)
  Sigmund (D:2)
  A culicivora (Lair:2)
  25 yaks
  2 wyverns
  A wraith (D:9)
  A basilisk (Lair:1)
  3 steam dragons
  A redback (Lair:2)
  An acid dragon (D:9)
  6 water moccasins
  4 black bears
  4 orc warriors
  3 sky beasts
  An ice beast (D:7)
  2 ogres
  A centaur (D:7)
  3 phantoms
  8 kobold brigands
  9 bullfrogs
  4 scorpions
  4 gnoll sergeants
  13 wights
  16 killer bees
  A howler monkey (D:7)
  2 electric eels
  Crazy Yiuf (D:3)
  7 hounds
  A jelly (D:8)
  10 orc priests
  3 gnoll boudas
  Terence (D:3)
  A sleepcap (D:7)
  Ijyb (D:3)
  4 iguanas
  7 hell rats (Lair:2)
  15 orc wizards
  26 gnolls
  8 adders
  A river rat (Sewer)
  2 shadow imps (D:5)
  A white imp (D:6)
  56 orcs
  10 ball pythons
  4 bats
  11 endoplasms
  8 giant cockroaches
  10 goblins
  3 hobgoblins
  7 jackals
  3 quokkas
  3 frilled lizards
  35 kobolds
  7 rats
  2 butterflies (Lair:1)
421 creatures vanquished.

Notes
Turn   | Place    | Note
-------+----------+-------------------------------------------
     0 | D:1      | garrulousMonolith the Gargoyle Fighter began the quest for
                  | the Orb.
     0 | D:1      | Reached XP level 1. HP: 14/14 MP: 1/1
   152 | D:1      | Reached XP level 2. HP: 19/19 MP: 2/2
   328 | D:1      | Reached skill level 1 in Invocations
   504 | D:1      | Reached XP level 3. HP: 22/23 MP: 3/3
   886 | D:2      | Reached skill level 3 in Maces & Flails
   886 | D:2      | Reached XP level 4. HP: 5/29 MP: 3/5
  1105 | D:2      | Noticed Sigmund
  1120 | D:2      | Killed Sigmund
  1121 | D:2      | Reached XP level 5. HP: 27/33 MP: 6/6
  1121 | D:2      | Reached XP level 6. HP: 31/38 MP: 7/7
  1893 | D:3      | Reached skill level 4 in Maces & Flails
  1921 | D:3      | Noticed Terence
  2042 | D:3      | Found a glowing drain.
  2071 | Sewer    | Entered a sewer
  2198 | Sewer    | Found a glowing silver altar of Zin.
  2314 | D:3      | Killed Terence
  2340 | D:3      | Noticed Ijyb
  2354 | D:3      | Killed Ijyb
  2398 | D:3      | Found a runed translucent door.
  2399 | D:3      | Noticed Crazy Yiuf
  2653 | D:3      | Found a hide-covered altar of Uskayaw.
  2912 | D:3      | Killed Crazy Yiuf
  2913 | D:3      | Reached XP level 7. HP: 32/44 MP: 9/9
  3502 | D:4      | Reached skill level 5 in Maces & Flails
  3509 | D:4      | Found an iron altar of Okawaru.
  3936 | D:4      | Reached skill level 5 in Shields
  4105 | D:4      | Reached skill level 5 in Fighting
  4140 | D:4      | Reached skill level 5 in Armour
  4140 | D:4      | Reached XP level 8. HP: 29/49 MP: 10/10
  4298 | D:5      | Entered Level 5 of the Dungeon
  4298 | D:5      | Found Qioc's Book Boutique.
  4440 | D:5      | Found Qixil's Weapon Emporium.
  4599 | D:5      | Reached skill level 6 in Maces & Flails
  4675 | D:5      | Found a staircase to the Ecumenical Temple.
  4710 | Temple   | Entered the Ecumenical Temple
  4724 | Temple   | Became a worshipper of the Shining One
  4791 | D:5      | Found Zorghiuzu's Distillery.
  4799 | D:5      | Bought a potion of heal wounds for 60 gold pieces
  4799 | D:5      | Bought a potion of curing for 36 gold pieces
  4799 | D:5      | Bought a potion of mutation for 96 gold pieces
  4869 | D:5      | Found Asug's Armour Boutique.
  5408 | D:6      | Reached XP level 9. HP: 55/55 MP: 12/12
  5438 | D:6      | Reached skill level 7 in Maces & Flails
  5610 | D:6      | Reached skill level 5 in Invocations
  5685 | D:6      | Found Heudwely's Overcharged Wands.
  5717 | D:6      | Identified the +4 ring mail of Valour {Int+3}
  5955 | D:6      | Reached * piety under the Shining One
  6623 | D:7      | Reached skill level 8 in Maces & Flails
  6900 | D:7      | Reached XP level 10. HP: 63/63 MP: 14/14
  6917 | D:7      | Found Fapisenuy's General Store.
  6920 | D:7      | Bought a +0 helmet for 54 gold pieces
  6968 | D:7      | Noticed a manticore
  6978 | D:7      | Killed a manticore
  7277 | D:7      | Reached skill level 9 in Maces & Flails
  8184 | D:8      | Reached ** piety under the Shining One
  9173 | D:9      | Found a staircase to the Orcish Mines.
  9236 | D:9      | Noticed Jeremiah
  9259 | D:9      | Killed Jeremiah
  9260 | D:9      | Reached XP level 11. HP: 47/68 MP: 16/16
  9368 | D:9      | Reached skill level 10 in Maces & Flails
  9436 | D:9      | Identified the +1 leather armour of the Lily {Dex+2}
  9633 | D:9      | Noticed a two-headed ogre
  9647 | D:9      | Killed a two-headed ogre
  9948 | D:9      | Noticed Harold
  9968 | D:8      | Killed Harold
 10178 | D:9      | Noticed Psyche
 10190 | D:9      | Killed Psyche
 10196 | D:9      | Reached *** piety under the Shining One
 10247 | D:9      | Noticed a deep elf pyromancer
 10258 | D:9      | Killed a deep elf pyromancer
 10501 | D:9      | Found a shimmering altar of Xom.
 10501 | D:9      | Found an ancient bone altar of Kikubaaqudgha.
 10578 | D:10     | Entered Level 10 of the Dungeon
 10870 | D:10     | Noticed a death yak
 10923 | D:10     | Killed a death yak
 11019 | D:10     | Noticed a death yak
 11019 | D:10     | Noticed a death yak
 11058 | D:10     | Killed a death yak
 11060 | D:10     | Reached skill level 11 in Maces & Flails
 11066 | D:10     | Killed a death yak
 11200 | D:10     | Found a staircase to the Lair.
 11809 | D:10     | Reached XP level 12. HP: 70/76 MP: 18/18
 12263 | D:10     | Noticed a two-headed ogre
 12271 | D:10     | Killed a two-headed ogre
 12373 | D:10     | Identified a scroll of acquirement
 12374 | D:10     | Acquired an amulet of faith
 12861 | D:11     | Found Muifoohi's Antique Armour Boutique.
 13003 | D:11     | Noticed a two-headed ogre
 13018 | D:11     | Killed a two-headed ogre
 13274 | D:11     | Noticed a two-headed ogre
 13283 | D:11     | Killed a two-headed ogre
 13284 | D:11     | Reached skill level 12 in Maces & Flails
 13437 | D:11     | Noticed a soul eater
 13562 | D:11     | Noticed a boulder beetle
 13582 | D:11     | Killed a boulder beetle
 13810 | Lair:1   | Entered Level 1 of the Lair of Beasts
 14255 | Lair:1   | Reached skill level 10 in Fighting
 14255 | Lair:1   | Reached skill level 10 in Armour
 15061 | Lair:1   | Reached skill level 10 in Shields
 15220 | Lair:2   | Reached XP level 13. HP: 63/82 MP: 20/20
 15289 | Lair:2   | Found a hole to the Spider Nest.
 15289 | Lair:2   | Reached **** piety under the Shining One
 15559 | Lair:2   | Identified the +2 spear of the Orcish Mines {speed, rN+
                  | Str-4 Int+4}
 15612 | Lair:2   | Reached skill level 13 in Maces & Flails
 16849 | Lair:3   | Reached skill level 10 in Invocations
 16852 | Lair:3   | Slain by a death yak

Illustrated notes

Levels and vault maps discovered:
D:1:      eino_arrival_water_star, layout_loops_cross
D:2:      layout_loops_ring, uniq_sigmund
D:3:      layout_basic, nicolae_uskayaw_dance_hall, portal_sewer_entry_f,
          uniq_ijyb, uniq_crazy_yiuf_cottage, uniq_terence
D:4:      layout_rooms, mainiacjoe_overflow_alcove_4
D:5:      layout_loops_ring, minmay_temple_entry_sparse_star, serial_shops,
          nicolae_shop_advertising_works [nicolae_subvault_shop_adworks],
          nicolae_shop_stone, shop, nicolae_shop_peninsula,
          kennysheep_generic_room_11
D:6:      layout_basic, nicolae_shop_overcharged_wands
D:7:      minmay_s_stair_smasher, layout_basic, serial_shops,
          kennysheep_mini_moat, kb_lookout_dungeons_type,
          kennysheep_small_circle
D:8:      layout_loops_ring
D:9:      layout_loops_ring, gammafunk_temple_overflow_wave, hiddenorc1_lemuel,
          grunt_decor_arrowhead, uniq_jeremiah, uniq_psyche, uniq_harold
D:10:     layout_layer_cave, dpeg_lair_monsters, nicolae_wwwww, minivault_27
D:11:     layout_gridville, serial_shops, nicolae_shop_peninsula
Temple:   dpeg_three_leaves_temple
Lair:1:   layout_cave_pods, lemuel_fruit_fields, infiniplex_staircase_pool_2,
          lemuel_fruit_fields
Lair:2:   layout_misc_corridors, spider_nest_entry_funnel_web,
          serial_bayou_shore_a, grunt_megastairs_4, infiniplex_staircase_pool,
          lemuel_fruit_tree, serial_bayou_shore_b
Lair:3:   layout_cave_pods, minmay_swamp_entry_wisps, special_room
          [special_room_bee]

Skill      XL: |  1  2  3  4  5  6  7  8  9 10 11 12 13 |
---------------+----------------------------------------+-----
Invocations    | 1 2 3 4 5 7 8 9 10 | 10.0
Maces & Flails | 3 4 5 6 8 9 11 12 13 | 13.5
Fighting       | 4 5 7 8 9 10 | 10.9
Armour         | 4 5 7 8 9 10 | 10.8
Shields        | 4 5 6 7 9 10 | 10.6

Action                     |  1- 3 |  4- 6 |  7- 9 | 10-12 | 13-15 || total
---------------------------+-------+-------+-------+-------+-------++-------
  Melee: Flail             |   113 |    19 |       |       |       ||   132
         Whip              |       |   166 |   495 |   892 |   222 ||  1775
         Unarmed           |       |    21 |       |       |       ||    21
 Invoke: Cleansing Flame   |       |       |       |       |     3 ||     3
  Evoke: Wand              |       |       |     2 |     1 |       ||     3
    Use: Potion            |       |     4 |     5 |     1 |       ||    10
         Scroll            |       |     2 |     1 |    13 |     1 ||    17
 Armour: Scale mail        |    93 |   114 |    46 |       |       ||   253
         Skin              |       |     8 |       |       |       ||     8
         Plate armour      |       |       |   340 |   507 |   123 ||   970
  Dodge: Dodged            |    67 |    79 |    69 |   100 |    14 ||   329
  Block: Buckler           |    26 |    37 |    31 |       |       ||    94
         Tower shield      |       |       |   240 |   380 |   115 ||   735
         Kite shield       |       |       |       |   124 |       ||   124

Table legend: (Time is in decaauts)
 A = Elapsed time spent in this place.
 B = Non-inter-level travel time spent in this place.
 C = Inter-level travel time spent in this place.
 D = Time resting spent in this place.
 E = Time spent auto-exploring this place.
 F = Levels seen in this place.
 G = Mean time per level.
                   A        B        C        D        E       F      G
               +--------+--------+--------+--------+--------+-----+--------+
         Total |  16643 |  16229 |    414 |   3575 |   9514 |  16 | 1040.2 |
       Dungeon |  13468 |  13096 |    372 |   2943 |   7525 |  11 | 1224.4 |
        Temple |     24 |     14 |     10 |      0 |      0 |   1 |   24.0 |
          Lair |   2947 |   2916 |     31 |    632 |   1842 |   3 |  982.3 |
         Sewer |    202 |    202 |      0 |      0 |    147 |   1 |  202.0 |
               +--------+--------+--------+--------+--------+-----+--------+

Top non-repeatable levels by time:
    D:10: 1816 daAuts
     D:7: 1683 daAuts
     D:9: 1582 daAuts
    D:11: 1325 daAuts
  Lair:1: 1300 daAuts
     D:4: 1289 daAuts
     D:5: 1186 daAuts
  Lair:2: 1152 daAuts
     D:3: 1063 daAuts
     D:8: 1003 daAuts
     D:2: 934 daAuts
     D:1: 842 daAuts
     D:6: 739 daAuts
  Lair:3: 494 daAuts
   Sewer: 202 daAuts
